 Dungeon Crawl Stone Soup version 0.30-a0-390-g80c34de65d (webtiles) character file.

Game seed: 5833800822569503227

4730 bande the Cleaver (level 10, -2/61 HPs)
             Began as a Gargoyle Fighter on Dec 5, 2022.
             Was an Elder of Okawaru.
             Slain by a catoblepas (14 damage)
             ... on level 8 of the Dungeon.
             The game lasted 00:14:02 (7752 turns).

bande the Cleaver (Gargoyle Fighter)                Turns: 7752, Time: 00:14:03

Health: -2/61      AC: 23    Str: 20    XL:     10   Next: 46%
Magic:  14/14      EV:  6    Int:  9    God:    Okawaru [****..]
Gold:   315        SH:  6    Dex: 19    Spells: 9/9 levels left

rFire   . . .      SeeInvis +    a - +1 war axe
rCold   . . .      Faith    .    c - +0 buckler
rNeg    + + .      Spirit   .    f - +0 plate armour
rPois   ∞          Reflect  .    h - +2 helmet {SInv}
rElec   +          Harm     .    (no cloak)
rCorr   .          Rampage  .    (no gloves)
Will    .....                    (no boots)
Stlth   ..........               k - amulet of regeneration
HPRegen 1.10/turn                b - ring of positive energy
MPRegen 0.14/turn                v - +6 ring of dexterity

@: no status effects
A: sickness immunity, AC +7, negative energy resistance 1, electricity
resistance, torment resistance 1, petrification resistance
a: Renounce Religion, Heroism, Finesse


You were on level 8 of the Dungeon.
You worshipped Okawaru.
Okawaru was greatly pleased with you.
You visited 2 branches of the dungeon, and saw 9 of its levels.

You collected 315 gold pieces.

Inventory:

Hand Weapons
 a - a +1 war axe (weapon)
 o - a +0 war axe
 r - a +0 hand axe of flaming
Armour
 c - a +0 buckler (worn)
 f - a +0 plate armour (worn)
 h - a +2 helmet of see invisible (worn)
Jewellery
 b - a ring of positive energy (left hand)
 k - an amulet of regeneration (around neck)
 s - a ring of fire
 v - a +6 ring of dexterity (right hand)
 y - a +4 ring of protection
 z - a ring of ice
 H - a +6 ring of strength
Wands
 q - a wand of mindburst (14)
 D - a wand of flame (11)
 F - a wand of polymorph (6)
Scrolls
 e - 2 scrolls of enchant armour
 g - 8 scrolls of teleportation
 i - 2 scrolls of amnesia
 B - a scroll of noise {unknown}
 C - a scroll of immolation {unknown}
Potions
 d - a potion of might
 j - 3 potions of brilliance
 l - 4 potions of haste
 n - 6 potions of curing
 p - 2 potions of resistance {unknown}
 t - a potion of flight {unknown}
 u - a potion of ambrosia {unknown}
 w - a potion of berserk rage {unknown}
 x - a potion of cancellation {unknown}
 A - 2 potions of mutation {unknown}
 E - a potion of degeneration {unknown}
 G - a potion of attraction {unknown}


   Skills:
 + Level 6.7 Fighting
 + Level 9.2 Axes
 + Level 7.0 Armour
 + Level 6.5 Shields
 + Level 0.1 Unarmed Combat
 * Level 5.7 Invocations
 * Level 3.2 Evocations


You had 9 spell levels left.
You didn't know any spells.
Your spell library contained the following spells:

 Spells                   Type           Power      Damage    Failure   Level
 Kiss of Death            Conj/Necr      0%         2d5       100%        1
 Ensorcelled Hibernation  Hex/Ice        0%         N/A       100%        2
 Confusing Touch          Hex            0%         N/A       100%        3
 Ignite Poison            Fire/Tmut/Pois 0%         N/A       100%        3
 Kindle Blastsparks       Fire/Tloc/Air  0%         2d10      100%        3
 Ozocubu's Armour         Ice            0%         N/A       100%        3
 Spider Form              Tmut/Pois      0%         N/A       100%        3
 Anguish                  Hex/Necr       0%         N/A       100%        4
 Dispel Undead            Necr           0%         3d6       100%        4
 Freezing Cloud           Conj/Ice/Air   0%         6-21      100%        5
 Metabolic Englaciation   Hex/Ice        0%         N/A       100%        5
 Cigotuvi's Dreadful Rot  Necr/Pois/Air  Unusable   N/A       N/A         2
 Death Channel            Necr           Unusable   N/A       N/A         6
 Simulacrum               Ice/Necr       Unusable   N/A       N/A         6

Dungeon Overview and Level Annotations

Branches:
Dungeon (8/15)             Temple (1/1) D:4
   Lair: D:8-11

Altars:
Ashenzari
Cheibriados
Gozag
Hepliaklqana
Kikubaaqudgha
Nemelex Xobeh
Okawaru
Trog
Wu Jian
Yredelemnul


Innate Abilities, Weirdness & Mutations

You are immune to sickness and miasma.
Your stone body is resilient. (AC +7)
You are immune to poison.
You resist negative energy. (rN+)
You are resistant to electric shocks. (rElec)
You are resistant to unholy torment.
You are immune to petrification.


Message History

The catoblepas breathes a plume of calcifying dust at you.
The blast of calcifying dust hits you but does no damage.
You slash the troll!
You kill the troll!
Okawaru accepts your kill.
You hit the catoblepas but do no damage.
You block the catoblepas's attack.
The catoblepas breathes a plume of calcifying dust at you.
The blast of calcifying dust hits you.
* * * LOW HITPOINT WARNING * * *
You see here a troll corpse.
Unknown command.
You hit the catoblepas but do no damage.
The catoblepas is lightly wounded.
The catoblepas breathes a plume of calcifying dust at you.
The blast of calcifying dust hits you but does no damage.
You slash the catoblepas!
The catoblepas is lightly wounded.
The catoblepas gores you but does no damage.
Unknown command.
Unknown command.
You hit the catoblepas but do no damage.
The catoblepas is lightly wounded.
The catoblepas breathes a plume of calcifying dust at you.
The blast of calcifying dust hits you but does no damage.
Unknown command.
You slash the catoblepas!
The catoblepas is moderately wounded.
You block the catoblepas's attack.
You hit the catoblepas.
The catoblepas is moderately wounded.
The catoblepas breathes a plume of calcifying dust at you.
The blast of calcifying dust hits you but does no damage.
You slash the catoblepas!
The catoblepas is heavily wounded.
The catoblepas barely misses you.
You barely miss the catoblepas.
The catoblepas is heavily wounded.
The catoblepas gores you!
You die...

.. .> # ... ..
.# ...###.###.
..........
#......# ....
#......# .....
#....[.#
#......
#....<.#
#......
#§§.§@Y#
#......
#......#
#......#+##
#......#
#..........
#......#
#..........
######......#
#........).
........##'##
######....
........#...
#....
........+....
#....
........#.....
#....


You could see a catoblepas.

Vanquished Creatures
  Joseph (D:8)
  Maggie (D:8)
  2 hornets (D:7)
  A troll (D:8)
  2 yaks
  An acid dragon (D:7)
  A water moccasin (D:7)
  4 ice beasts (D:7)
  4 sky beasts
  2 black bears (D:5)
  An orc warrior (D:8)
  3 centaurs
  A kobold brigand (D:8)
  2 bullfrogs
  3 necrophages
  2 scorpions
  3 wights
  2 howler monkeys
  2 orc priests
  A gnoll bouda (D:6)
  6 hounds
  5 jellies
  6 iguanas
  Natasha (thrice) (D:3)
  Terence (D:2)
  5 orc wizards
  9 gnolls
  9 adders
  2 white imps (D:7)
  A worm (D:5)
  3 dart slugs
  21 orcs
  14 ball pythons
  5 endoplasms
  4 giant cockroaches
  4 goblins
  9 hobgoblins
  3 jackals (D:4)
  5 quokkas
  7 bats
  A frilled lizard (D:1)
  12 kobolds
  9 rats
183 creatures vanquished.

Vanquished Creatures (others)
  4 bushes (D:7)
4 creatures vanquished.

Grand Total: 187 creatures vanquished

Notes
Turn   | Place    | Note
-------+----------+-------------------------------------------
     0 | D:1      | bande the Gargoyle Fighter began the quest for the Orb.
     0 | D:1      | Reached XP level 1. HP: 14/14 MP: 1/1
   105 | D:1      | Reached XP level 2. HP: 12/19 MP: 2/2
   115 | D:1      | Reached skill level 2 in Axes
   185 | D:1      | Found a faded altar of an unknown god.
   766 | D:2      | Noticed Terence
   777 | D:2      | Killed Terence
   778 | D:2      | Reached XP level 3. HP: 24/24 MP: 3/3
   970 | D:2      | Reached XP level 4. HP: 29/29 MP: 4/4
  1057 | D:2      | Reached skill level 3 in Axes
  1438 | D:3      | Noticed Natasha
  1448 | D:3      | Killed Natasha
  1449 | D:3      | Reached XP level 5. HP: 33/33 MP: 5/5
  1763 | D:3      | Reached skill level 4 in Axes
  1765 | D:3      | Reached XP level 6. HP: 33/39 MP: 6/6
  2019 | D:3      | Noticed Natasha
  2037 | D:3      | Killed Natasha
  2278 | D:3      | Noticed Natasha
  2307 | D:3      | Killed Natasha
  2712 | D:4      | Found a staircase to the Ecumenical Temple.
  2747 | D:4      | Reached XP level 7. HP: 43/44 MP: 7/7
  2756 | Temple   | Entered the Ecumenical Temple
  2839 | Temple   | Became a worshipper of Warmaster Okawaru
  2923 | D:4      | Reached skill level 5 in Axes
  3119 | D:4      | Reached skill level 1 in Invocations
  3542 | D:5      | Entered Level 5 of the Dungeon
  3676 | D:5      | Reached * piety under Okawaru
  3677 | D:5      | Reached skill level 5 in Fighting
  3677 | D:5      | Reached skill level 6 in Axes
  3677 | D:5      | Reached skill level 5 in Armour
  3677 | D:5      | Reached XP level 8. HP: 38/49 MP: 9/9
  4125 | D:6      | Reached skill level 5 in Shields
  4611 | D:6      | Found an ornate altar of the Wu Jian Council.
  4767 | D:7      | Reached ** piety under Okawaru
  5058 | D:7      | Noticed a hornet
  5090 | D:7      | Killed a hornet
  5091 | D:7      | Reached skill level 7 in Axes
  5091 | D:7      | Reached XP level 9. HP: 24/55 MP: 10/12
  5610 | D:6      | Reached skill level 1 in Evocations
  5887 | D:7      | Noticed a hornet
  5906 | D:7      | Killed a hornet
  5906 | D:7      | Reached *** piety under Okawaru
  6181 | D:8      | Reached skill level 5 in Invocations
  6193 | D:8      | Noticed Joseph
  6373 | D:7      | Reached skill level 8 in Axes
  6397 | D:7      | Noticed a catoblepas
  6397 | D:7      | Noticed a wizard
  6397 | D:7      | Noticed a troll
  6398 | D:7      | Noticed a deep elf pyromancer
  6924 | D:8      | Killed Joseph
  6925 | D:8      | Reached XP level 10. HP: 38/61 MP: 13/13
  7128 | D:8      | Noticed Maggie
  7155 | D:8      | Killed Maggie
  7155 | D:8      | Reached **** piety under Okawaru
  7532 | D:8      | Reached skill level 9 in Axes
  7745 | D:8      | HP: 3/61 [catoblepas/blast of calcifying dust (6)]
  7752 | D:8      | Slain by a catoblepas

Illustrated notes

Levels and vault maps discovered:
D:1:      minmay_arrival_nine_rooms, layout_loops_ring,
          ebering_ecumenical_altar_petrified
D:2:      layout_rooms, serial_curves, eino_curves_01, eino_curves_04,
          minmay_snake_closets, uniq_terence
D:3:      layout_rooms, dk_vineyard_1, hangedman_decor_diamond_cutter,
          minmay_vboxes, uniq_natasha
D:4:      layout_loops_cross, minmay_temple_entry_statues_fountains,
          serial_forest, infiniplex_forest_lined_2, infiniplex_forest_corner_1,
          infiniplex_forest_straight_1, infiniplex_forest_clump_tiny,
          infiniplex_forest_lined_2, infiniplex_forest_clump_curved,
          infiniplex_forest_lined_2
D:5:      layout_rooms, kennysheep_big_empty_room
D:6:      layout_loops_ring, lemuel_tele_altar
D:7:      minmay_klotski, layout_basic
D:8:      layout_gridville, gammafunk_ghost_hive, st_stairs_3, uniq_maggie,
          uniq_joseph
Temple:   dpeg_five_rooms_temple

Skill      XL: |  1  2  3  4  5  6  7  8  9 10 |
---------------+-------------------------------+-----
Axes           | 2 3 4 6 7 8 9 |  9.2
Armour         | 4 5 6 7 |  7.0
Fighting       | 4 5 6 |  6.7
Shields        | 4 5 6 |  6.5
Invocations    | 2 4 5 |  5.7
Evocations     | 2 3 |  3.2
Unarmed Combat | |  0.1

Action                   |  1- 3 |  4- 6 |  7- 9 | 10-12 || total
-------------------------+-------+-------+-------+-------++-------
Melee: War axe           |    81 |   167 |   397 |    84 ||   729
       Unarmed           |       |     1 |     1 |       ||     2
  Use: Scroll            |     6 |     3 |     4 |       ||    13
       Potion            |       |       |     2 |     3 ||     5
 Stab: Petrified         |       |       |       |     6 ||     6
Armor: Plate armour      |    69 |   155 |   331 |    91 ||   646
       Scale mail        |     2 |       |       |       ||     2
       Skin              |       |       |     8 |       ||     8
Dodge: Dodged            |    23 |    72 |   123 |    31 ||   249
Block: Buckler           |    14 |    47 |   146 |    34 ||   241

Table legend: (Time is in decaauts)
 A = Elapsed time spent in this place.
 B = Non-inter-level travel time spent in this place.
 C = Inter-level travel time spent in this place.
 D = Time resting spent in this place.
 E = Time spent auto-exploring this place.
 F = Levels seen in this place.
 G = Mean time per level.
                   A        B        C        D        E       F      G
               +--------+--------+--------+--------+--------+-----+--------+
         Total |   7945 |   7566 |    379 |   1871 |   3666 |   9 |  882.8 |
       Dungeon |   7806 |   7479 |    327 |   1871 |   3596 |   8 |  975.8 |
        Temple |    139 |     87 |     52 |      0 |     70 |   1 |  139.0 |
               +--------+--------+--------+--------+--------+-----+--------+

Top non-repeatable levels by time:
     D:7: 1912 daAuts
     D:3: 1431 daAuts
     D:6: 889 daAuts
     D:8: 888 daAuts
     D:1: 784 daAuts
     D:4: 700 daAuts
     D:2: 602 daAuts
     D:5: 597 daAuts
  Temple: 139 daAuts
